 Dungeon Crawl Stone Soup version 0.23.0 (webtiles) character file.

Game seed: 15170718704679859599

2 Monsterracer the Chiller (level 1, -4/16 HPs)
             Began as an Ogre Ice Elementalist on Feb 13, 2019.
             Slain by a gnoll
             ... wielding a +0 whip
              (8 damage)
             ... on level 1 of the Dungeon.
             The game lasted 00:00:20 (81 turns).

Monsterracer the Chiller (Ogre Ice Elementalist)      Turns: 81, Time: 00:00:21

Health: -4/16      AC:  3    Str: 11    XL:     1   Next: 30%
Magic:  0/3        EV: 10    Int: 16    God:
Gold:   0          SH:  0    Dex:  9    Spells: 3/4 levels left

rFire    . . .     SeeInvis .   (no weapon)
rCold    . . .     Gourm    .   (no shield)
rNeg     . . .     Faith    .   a - +0 robe
rPois    .         Spirit   .   (helmet restricted)
rElec    .         Reflect  .   (no cloak)
rCorr    .         Harm     .   (gloves unavailable)
MR       .....                  (boots unavailable)
Stlth    +.........             (no amulet)
HPRegen  0.05/turn              (no ring)
MPRegen  0.08/turn              (no ring)

@: no status effects
A: large, unfitting armour, tough skin 1
a: no special abilities


You were on level 1 of the Dungeon.
You were not hungry.

You visited 1 branch of the dungeon, and saw 1 of its levels.

Inventory:

Armour
 a - a +0 robe (worn)
Potions
 b - a potion of might {unknown}
Comestibles
 c - a ration


   Skills:
 - Level 1.7 Dodging
 - Level 1.4 Stealth
 + Level 2.4 Spellcasting
   Level 0.8 Conjurations
 * Level 2.8 Ice Magic


You had 3 spell levels left.
You knew the following spells:

 Your Spells              Type           Power        Failure   Level  Hunger
a - Freeze                Ice            ##..         6%          1    #......

Your spell library contained the following spells:

 Spells                   Type           Power        Failure   Level  Hunger
 Throw Frost              Conj/Ice       #.....       14%         2    ###....
 Ozocubu's Armour         Chrm/Ice       #.......     32%         3    ###....
 Throw Icicle             Conj/Ice       #.......     67%         4    #####..
 Summon Ice Beast         Ice/Summ       #.......     73%         4    #####..


Dungeon Overview and Level Annotations

Branches:
Dungeon (1/15)

Altars:


Innate Abilities, Weirdness & Mutations

You are too large for most types of armour.
You have tough skin. (AC +1)


Message History

Welcome, Monsterracer the Ogre Ice Elementalist.
The bosom of this dungeon contains the fabled artefact, the Orb of Zot.
Press ? for a list of commands and other information.
Found a staircase leading out of the dungeon.
There are no items here.
A rat comes into view.
A rat is nearby!
The rat bites you but does no damage.
Casting: Freeze (safe; 7% risk of failure)
Confirm with . or Enter, or press ? or * to list all spells.
Aiming: Freeze (safe; 7% risk of failure)
Press: ? - help, Shift-Dir - straight line, f - rat
Aim: a rat You freeze the rat.
You kill the rat!
You now have 2/3 mp.
Magic restored.
b - an amethyst potion MP restored: 3 A kobold comes into view.
A kobold is nearby!
Found a stone staircase leading down.
A gnoll comes into view. It is wielding a +0 whip.
The gnoll shouts!
The kobold shouts!
You hear a shout! x2
The kobold misses you.
Found a club.
Casting: Freeze (safe; 6% risk of failure)
Confirm with . or Enter, or press ? or * to list all spells.
Aiming: Freeze (safe; 6% risk of failure)
Press: ? - help, Shift-Dir - straight line, f - kobold
Aim: a kobold You freeze the kobold.
The kobold is severely wounded.
A goblin comes into view.
The kobold barely misses you.
You now have 2/3 mp.
Casting: Freeze (safe; 6% risk of failure)
Confirm with . or Enter, or press ? or * to list all spells.
Aiming: Freeze (safe; 6% risk of failure)
Press: ? - help, Shift-Dir - straight line, f/p - kobold
Aim: a kobold (severely wounded)
You freeze the kobold.
You kill the kobold!
You now have 1/3 mp.
The gnoll hits you with a +0 whip.
You take 4 damage, and have 12/16 hp.
MASSIVE DAMAGE!!
Casting: Freeze (safe; 6% risk of failure)
Confirm with . or Enter, or press ? or * to list all spells.
Aiming: Freeze (safe; 6% risk of failure)
Press: ? - help, Shift-Dir - straight line, f - gnoll
Aim: a gnoll, wielding a +0 whip You freeze the gnoll.
The gnoll is moderately wounded.
The gnoll hits you with a +0 whip.
* * * LOW HITPOINT WARNING * * *
You take 5 damage, and have 7/16 hp.
MASSIVE DAMAGE!!
You now have 0/3 mp.
Unknown command.
Found a scroll labeled QEIK MUEKLAEMM.
Casting: Freeze (safe; 6% risk of failure)
Confirm with . or Enter, or press ? or * to list all spells.
Aiming: Freeze (safe; 6% risk of failure)
Press: ? - help, Shift-Dir - straight line, f/p - gnoll
Aim: a gnoll, wielding a +0 whip (moderately wounded)
You freeze the gnoll.
The gnoll is moderately wounded.
The gnoll hits you with a +0 whip.
* * * LOW HITPOINT WARNING * * *
You take 3 damage, and have 5/16 hp.
You now have 1/3 mp.
Unknown command.
Casting: Freeze (safe; 6% risk of failure)
Confirm with . or Enter, or press ? or * to list all spells.
Aiming: Freeze (safe; 6% risk of failure)
Press: ? - help, Shift-Dir - straight line, f/p - gnoll
Aim: a gnoll, wielding a +0 whip (moderately wounded)
You freeze the gnoll.
The gnoll is heavily wounded.
The gnoll hits you with a +0 whip.
* * * LOW HITPOINT WARNING * * *
You take 2 damage, and have 3/16 hp.
You now have 0/3 mp.
Unknown command.
A rat comes into view.
Casting: Freeze (safe; 6% risk of failure)
Confirm with . or Enter, or press ? or * to list all spells.
Aiming: Freeze (safe; 6% risk of failure)
Press: ? - help, Shift-Dir - straight line, f/p - gnoll
Aim: a gnoll, wielding a +0 whip (moderately wounded)
You freeze the gnoll.
The gnoll is heavily wounded.
The gnoll hits you with a +0 whip!
Ouch! That really hurt!
You die...

...#.#.#.#.#...#..#.# #
..#.#.#.#..##.......
..##.#...#.##.........?
....#.....#..........#.
###...<...######....#..
....#.....#..........#
.#
..##.#...#.##........#
.##..#.#.#.#..##.. #..#
#...#.#.#@#.#...#.
..#..#.#g#..#....
..#..#..#gr#..#...
.#...#.g#..#...#.
....#...#...#....
#........#.........
###................
######.........##
###########


You could see a gnoll, a goblin and a rat.

Vanquished Creatures
  A kobold (D:1)
  A rat (D:1)
2 creatures vanquished.

Notes
Turn   | Place    | Note
-------+----------+-------------------------------------------
     0 | D:1      | Monsterracer the Ogre Ice Elementalist began the quest for
                  | the Orb.
     0 | D:1      | Reached XP level 1. HP: 16/16 MP: 3/3
    50 | D:1      | HP: 7/16 [gnoll/+0 whip (5)]
    67 | D:1      | HP: 5/16 [gnoll/+0 whip (3)]
    81 | D:1      | Slain by a gnoll

Action                   || total
-------------------------++-------
 Cast: Freeze            ||     7
Armor: Robe              ||     1
Dodge: Dodged            ||     2

Levels and vault maps discovered:
D:1:      minmay_arrival_radiant_lines, layout_basic
